 Dungeon Crawl Stone Soup version 0.19.1-1-g22dce08 (console) character file.

70 Grinner the Sneak (level 4, -4/38 HPs)
             Began as a Draconian Assassin on Jan 16, 2017.
             Slain by Natasha (10 damage)
             ... on level 2 of the Dungeon.
             The game lasted 00:04:36 (1402 turns).

Grinner the Sneak (Draconian Assassin)              Turns: 1402, Time: 00:04:37

Health: -4/38      AC: 11    Str: 14    XL:     4   Next: 4%
Magic:  4/4        EV: 12    Int: 11    God:
Gold:   73         SH:  0    Dex: 13    Spells: 0 memorised, 3 levels left

rFire  . . .     SeeInvis .     b - +0 blowgun
rCold  . . .     Gourm    .     (armour unavailable)
rNeg   . . .     Faith    .     (no shield)
rPois  .         Spirit   .     (helmet restricted)
rElec  .         Reflect  .     c - +0 cloak
rCorr  .         Harm     .     (no gloves)
MR     .....                    (no boots)
Stlth  ++........               (no amulet)
                                (no ring)
                                i - +5 ring of protection

@: slowed, very slow
A: unfitting armour, cold-blooded, AC +5
a: no special abilities


You were on level 2 of the Dungeon.
You were hungry.

You visited 1 branch of the dungeon, and saw 2 of its levels.

You collected 73 gold pieces.

Inventory:

Hand Weapons
 a - a +2 dagger
 b - a +0 blowgun (weapon)
Missiles
 d - 16 poisoned needles
 e - a curare-tipped needle (quivered)
Armour
 c - a +0 cloak (worn)
Jewellery
 i - a +5 ring of protection (left hand)
Scrolls
 l - 2 scrolls of remove curse {unknown}
 n - a scroll of amnesia {unknown}
Potions
 g - a potion of heal wounds {unknown}
 h - a potion of cancellation {unknown}
 j - a potion of ambrosia {unknown}
 k - a potion of curing {unknown}
Comestibles
 f - a bread ration
 m - a royal jelly


   Skills:
 + Level 3.0 Fighting
 - Level 2.0 Short Blades
 - Level 1.7 Throwing
 + Level 2.2 Dodging
 - Level 3.6 Stealth
 + Level 2.0 Unarmed Combat


You had 3 spell levels left.
You didn't know any spells.

Dungeon Overview and Level Annotations

Branches:
Dungeon (2/15)

Altars:

Annotations:
D:2 Natasha


Innate Abilities, Weirdness & Mutations

Your plain brown scales are hard. (AC +5)
You cannot fit into any form of body armour.
You are cold-blooded and may be slowed by cold attacks.


Message History

You closely miss Natasha. You tail-slap Natasha.
Natasha is severely wounded.
Natasha closely misses you.
You hit Natasha.
Natasha is almost dead.
Natasha claws you! Natasha claws you.
* * * LOW HITPOINT WARNING * * *
Unknown command.
You are too injured to fight recklessly!
Wield which item (- for none, * to show all)? (? for menu, Esc to quit)
b - a +0 blowgun (weapon)
Natasha claws you.
* * * LOW HITPOINT WARNING * * *
Firing (i - inventory. (,) - cycle):
e - 2 curare-tipped needles (quivered)
Press: ? - help, Shift-Dir - straight line, f - Natasha
Aim: Natasha (almost dead, unusually strong)
You shoot a curare-tipped needle.
The curare-tipped needle barely misses Natasha.
Natasha claws you!
You die...

#........#
#.(......#
#........#
#........####
#............
#..(..?......
#............
##h###.(.....
#@# .......
#.# .......
#.# .......
#.# w......
#.# .......
#.#
##'########
#.........#
#.........#


You could see Natasha.

Vanquished Creatures
  Ijyb (D:2)
  2 worms (D:2)
  2 dart slugs (D:1)
  A ball python (D:1)
  2 giant cockroaches (D:1)
  6 goblins
  4 hobgoblins (D:1)
  A jackal (D:1)
  7 bats (D:1)
  4 frilled lizards
  6 rats
36 creatures vanquished.

Notes
Turn   | Place    | Note
-------+----------+-------------------------------------------
     0 | D:1      | Grinner the Draconian Assassin began the quest for the Orb.
     0 | D:1      | Reached XP level 1. HP: 17/17 MP: 1/1
    19 | D:1      | Reached skill level 1 in Dodging
   161 | D:1      | Reached XP level 2. HP: 19/25 MP: 2/2
   224 | D:1      | Reached skill level 1 in Unarmed Combat
   634 | D:1      | Reached XP level 3. HP: 23/30 MP: 3/3
  1289 | D:2      | Noticed Ijyb
  1311 | D:2      | Killed Ijyb
  1311 | D:2      | Reached XP level 4. HP: 26/38 MP: 4/4
  1384 | D:2      | Noticed Natasha
  1402 | D:2      | Slain by Natasha

Skill      XL: |  1  2  3 |
---------------+----------+-----
Dodging        | 1 2 |  2.2
Unarmed Combat | 1 2 |  2.0
Fighting       | 3 |  3.0
Short Blades   | |  2.0
Throwing       | |  1.7
Stealth        | |  3.6

Action                   |  1- 3 |  4- 6 || total
-------------------------+-------+-------++-------
Melee: Unarmed           |   181 |     7 ||   188
       Tailslap          |    17 |     1 ||    18
 Fire: Blowgun           |    16 |     1 ||    17
 Stab: Sleeping          |     9 |       ||     9
  Eat: Chunk             |     1 |       ||     1
Armor: Skin              |    73 |     2 ||    75
Dodge: Dodged            |   109 |     3 ||   112
